 Dungeon Crawl Stone Soup version 0.25-a0-860-gf695395b5c (webtiles) character file.

Game seed: 1070485209875398091, levelgen mode: classic

14338 EnegeticOcto the Cleaver (level 11, -8/108 HPs)
             Began as a Deep Dwarf Fighter on Apr 28, 2020.
             Was an Elder of Uskayaw.
             Mangled by a 12-headed hydra (9 damage)
             ... on level 10 of the Dungeon.
             The game lasted 00:04:54 (5087 turns).

EnegeticOcto the Cleaver (Deep Dwarf Fighter)       Turns: 5087, Time: 00:04:55

Health: -8/108     AC: 16    Str: 23    XL:     11   Next: 87%
Magic:  4/10       EV:  3    Int:  9    God:    Uskayaw [****..]
Gold:   488        SH: 17    Dex: 12    Spells: 10/10 levels left

rFire    . . .     SeeInvis .   n - +5 war axe (vamp)
rCold    + . .     Gourm    .   u - +0 tower shield
rNeg     . . .     Faith    .   d - +0 plate armour
rPois    .         Spirit   .   l - +0 helmet
rElec    .         Reflect  .   (no cloak)
rCorr    .         Harm     .   c - +0 pair of gloves
MR       +....                  (no boots)
Stlth    ..........             (no amulet)
HPRegen  0.00/turn              h - ring of protection from cold
MPRegen  0.12/turn              (no ring)

@: lethally poisoned (-8 -> -8), non-regenerating
A: damage resistance, heal wounds, sense surroundings 2, no regeneration
a: Heal Wounds, Stomp, Line Pass, Renounce Religion


You were on level 10 of the Dungeon.
You worshipped Uskayaw.
Uskayaw was aware of your devotion.
You were hungry.

You visited 2 branches of the dungeon, and saw 11 of its levels.

You collected 488 gold pieces.

Inventory:

Hand Weapons
 a - a +0 broad axe
 n - a +5 vampiric war axe (weapon)
Armour
 c - a +0 pair of gloves (worn)
 d - a +0 plate armour (worn)
 l - a +0 helmet (worn)
 u - a +0 tower shield (worn)
Jewellery
 h - a ring of protection from cold (left hand)
Wands
 v - a wand of flame (29) {@v3}
 w - a wand of digging (7) {@v2}
Scrolls
 f - 3 scrolls of remove curse {@r6}
 g - 8 scrolls of identify {@r1}
 i - 2 scrolls of magic mapping {@r5}
 j - 2 scrolls of blinking {@r3}
 o - a scroll of amnesia
 t - 2 scrolls of teleportation {@r2}
Potions
 b - a potion of cancellation
 k - 4 potions of might {@q3}
 m - 3 potions of curing {@q1}
 p - 2 potions of flight
 q - a potion of lignification {@q7}
 r - a potion of heal wounds {@q2}
 x - a potion of stabbing {unknown}
Comestibles
 e - 11 rations
 s - 15 chunks of flesh


   Skills:
 * Level 10.0 Fighting
 * Level 11.4 Axes
 + Level 8.6 Armour
 + Level 8.7 Shields
 * Level 9.9 Invocations


You had 10 spell levels left.
You didn't know any spells.
Your spell library was empty.

Dungeon Overview and Level Annotations

Branches:
Dungeon (10/15)            Temple (1/1) D:7            Lair (0/6) D:8
    Orc (0/2) D:10

Altars:
Elyvilon
Makhleb
Nemelex Xobeh
Okawaru
Trog
Uskayaw
Wu Jian

Shops:
D:10 [

Annotations:
D:9 exclusion: oklob plant


Innate Abilities, Weirdness & Mutations

You are resistant to damage.
You can heal yourself by infusing magical energy.
You passively map the area around you.
You do not regenerate.


Message History

You block the ten-headed hydra's attack.
The ten-headed hydra bites you but does no damage. x3
The ten-headed hydra bites you.
The ten-headed hydra bites you but does no damage. x2
You block the ten-headed hydra's attack.
The ten-headed hydra bites you.
The death knight hits you with a +2 broad axe of flaming!
The death knight burns you.
Uskayaw prepares the audience for your solo!
The helpless ten-headed hydra fails to defend itself.
You hack one of the ten-headed hydra's heads off!
The nine-headed hydra grows two more!
You slash the 11-headed hydra!
You feel better.
The 11-headed hydra is heavily wounded.
The helpless death knight fails to defend itself.
You hit the death knight.
The helpless 11-headed hydra fails to defend itself.
You slice one of the 11-headed hydra's heads off!
The ten-headed hydra grows two more!
You slash the 12-headed hydra!
You feel better.
The 12-headed hydra is heavily wounded.
The helpless death knight fails to defend itself.
You hit the death knight but do no damage.
The 12-headed hydra is no longer paralysed.
You block the 12-headed hydra's attack. x2; The 12-headed hydra bites you!
The 12-headed hydra bites you but does no damage. x2
You block the 12-headed hydra's attack. The 12-headed hydra bites you!
The 12-headed hydra bites you but does no damage.
The 12-headed hydra bites you!
The 12-headed hydra bites you but does no damage.
The 12-headed hydra bites you.
The 12-headed hydra bites you but does no damage.
You can now merge with and destroy a victim.
You are too injured to fight recklessly!
You are too injured to fight recklessly!
You are too injured to fight recklessly!
You are too injured to fight recklessly!
You are too injured to fight recklessly!
You are too injured to fight recklessly!
You are too injured to fight recklessly!
The helpless death knight fails to defend itself.
You hit the death knight.
You feel better.
The death knight is heavily wounded.
Your shield prevents you from hitting the 12-headed hydra.
The death knight is no longer paralysed.
The death knight hits you with a +2 broad axe of flaming!!
The death knight burns you.
* * * LOW HITPOINT WARNING * * *
You block the 12-headed hydra's attack. x2
The 12-headed hydra bites you but does no damage.
The 12-headed hydra bites you. The 12-headed hydra barely misses you.
The 12-headed hydra bites you.
The 12-headed hydra bites you but does no damage.
You block the 12-headed hydra's attack.
The 12-headed hydra bites you but does no damage.
The 12-headed hydra bites you.
* * * LOW HITPOINT WARNING * * *
The 12-headed hydra bites you but does no damage. x2
You stomp with the beat, sending a shockwave through the revelers around you!
The death knight is severely wounded.
The 12-headed hydra is severely wounded.
You feel somewhat more hungry.
You can no longer merge with and destroy a victim.
You block the death knight's attack.
The 12-headed hydra bites you but does no damage.
The 12-headed hydra barely misses you. You block the 12-headed hydra's attack.
The 12-headed hydra bites you!
* * * LOW HITPOINT WARNING * * *
The 12-headed hydra bites you but does no damage.
The 12-headed hydra bites you.
* * * LOW HITPOINT WARNING * * *
The 12-headed hydra bites you but does no damage.
The 12-headed hydra barely misses you. The 12-headed hydra bites you.
* * * LOW HITPOINT WARNING * * *
You block the 12-headed hydra's attack. The 12-headed hydra bites you. x2
You stomp with the beat, sending a shockwave through the revelers around you!
The death knight is almost dead.
You kill the death knight!
Your Fighting skill increases to level 10!
The 12-headed hydra is almost dead.
You feel somewhat more hungry. You block the 12-headed hydra's attack.
The 12-headed hydra bites you but does no damage.
You block the 12-headed hydra's attack. x2
The 12-headed hydra bites you but does no damage.
The 12-headed hydra bites you.
* * * LOW HITPOINT WARNING * * *
You block the 12-headed hydra's attack. The 12-headed hydra bites you.
The 12-headed hydra bites you!
* * * LOW HITPOINT WARNING * * *
The 12-headed hydra bites you but does no damage.
The 12-headed hydra bites you. The 12-headed hydra bites you!
* * * LOW HITPOINT WARNING * * *
Uskayaw will force your foes to share their pain.
Okay, then.
You fail to use your ability.
The 12-headed hydra is no longer sharing its pain.
You block the 12-headed hydra's attack. x2
The 12-headed hydra bites you but does no damage.
The 12-headed hydra bites you!
You die...

....##############.....##'#######
....# #.......#.....#.........
....# #.......#.....#.........
....# #.......#.....+.........
....# ######..'.....###'######
....#####....#######......รท######
....#...#.(.....####.......#.....
....#...#......D).##..##...'.....
##..#...# ##@####......#.....
##..#...# , #...#.#......#.....
##..#...# ##..).##.....#'####
##..#...# ##.#(.#.....#.....
....#...#* * ###..#.....#.....
>...#...#* *#..##....#.....
....#...# ** #...#....######
....#...# * , #...#####......
.#..#...# ,#...#...'..###.


You could see a 12-headed hydra.

Vanquished Creatures
  Erolcha (D:10)
  A centaur warrior (D:10)
  4 two-headed ogres
  A death knight (D:10)
  Sonja (D:10)
  Maggie (D:6)
  A troll (D:10)
  A hornet (D:10)
  3 hippogriffs
  17 yaks
  A wraith (D:10)
  A wyvern (D:6)
  3 basilisks (D:8)
  Menkaure (D:5)
  3 porcupines (D:8)
  5 orc warriors
  3 phantoms
  6 ogres
  3 centaurs
  A crocodile (D:8)
  6 bullfrogs
  A gnoll sergeant (D:10)
  3 scorpions
  4 killer bees (D:10)
  8 wights
  2 crimson imps
  3 howler monkeys
  2 centaur zombies
  A bullfrog zombie (D:10)
  3 jellies (D:9)
  4 centaur skeletons
  3 hounds
  4 orc priests
  8 orc wizards
  4 bullfrog skeletons
  5 worker ants
  Natasha (thrice) (D:4)
  3 iguanas
  2 hound skeletons
  A worker ant zombie (D:8)
  5 gnolls (D:10)
  2 howler monkey skeletons
  8 adders
  2 shadow imps (D:8)
  2 oozes (D:9)
  An adder skeleton (D:8)
  A worm (D:2)
  A dart slug (D:4)
  3 leopard geckos
  26 orcs
  5 bats
  3 giant cockroaches (D:7)
  A goblin (D:2)
  8 jackals
  2 kobolds (D:1)
  A quokka (D:7)
  3 frilled lizards
  A plant (D:8)
203 creatures vanquished.

Vanquished Creatures (others)
  An orc wizard (D:8)
  13 fungi
  4 plants (D:8)
18 creatures vanquished.

Grand Total: 221 creatures vanquished

Notes
Turn   | Place    | Note
-------+----------+-------------------------------------------
     0 | D:1      | EnegeticOcto the Deep Dwarf Fighter began the quest for the
                  | Orb.
     0 | D:1      | Reached XP level 1. HP: 20/20 MP: 1/1
    99 | D:2      | Reached XP level 2. HP: 20/27 MP: 2/2
   509 | D:4      | Reached skill level 3 in Axes
   509 | D:4      | Reached XP level 3. HP: 21/34 MP: 3/3
   517 | D:4      | Reached XP level 4. HP: 42/42 MP: 3/3
   635 | D:4      | Reached XP level 5. HP: 43/50 MP: 4/4
   703 | D:4      | Noticed an ogre
   715 | D:4      | Killed an ogre
   715 | D:4      | Reached skill level 4 in Axes
   788 | D:4      | Reached XP level 6. HP: 33/57 MP: 5/5
   985 | D:4      | Noticed Natasha
  1003 | D:4      | Killed Natasha
  1180 | D:4      | Noticed Natasha
  1185 | D:4      | Killed Natasha
  1201 | D:4      | Noticed Natasha
  1206 | D:4      | Killed Natasha
  1232 | D:5      | Entered Level 5 of the Dungeon
  1348 | D:5      | Noticed Menkaure
  1357 | D:5      | Killed Menkaure
  1357 | D:5      | Reached skill level 5 in Axes
  1357 | D:5      | Reached XP level 7. HP: 22/66 MP: 5/5
  1466 | D:5      | Reached skill level 5 in Fighting
  1808 | D:6      | Noticed Maggie
  1833 | D:6      | Reached skill level 5 in Shields
  1854 | D:6      | Killed Maggie
  1854 | D:6      | Reached skill level 6 in Axes
  1854 | D:6      | Reached skill level 5 in Armour
  1854 | D:6      | Reached XP level 8. HP: 75/75 MP: 4/4
  2198 | D:6      | Reached skill level 7 in Axes
  2575 | D:7      | Gained mutation: You passively map the area around you.
                  | [Deep Dwarf growth]
  2575 | D:7      | Reached XP level 9. HP: 48/85 MP: 5/5
  2676 | D:7      | Reached skill level 8 in Axes
  2745 | D:7      | Found a staircase to the Ecumenical Temple.
  2763 | Temple   | Entered the Ecumenical Temple
  2769 | Temple   | Became a worshipper of Uskayaw the Reveler
  2978 | D:8      | Reached * piety under Uskayaw
  2986 | D:8      | Reached ** piety under Uskayaw
  2993 | D:8      | Reached skill level 1 in Invocations
  3080 | D:8      | Reached *** piety under Uskayaw
  3082 | D:8      | Reached **** piety under Uskayaw
  3088 | D:8      | Noticed a two-headed ogre
  3101 | D:8      | Reached ***** piety under Uskayaw
  3103 | D:8      | Killed a two-headed ogre
  3103 | D:8      | Reached skill level 9 in Axes
  3109 | D:8      | Reached ****** piety under Uskayaw
  3114 | D:8      | Reached XP level 10. HP: 62/96 MP: 8/8
  3115 | D:8      | Reached skill level 5 in Invocations
  3121 | D:8      | Found a staircase to the Lair.
  3706 | D:9      | Found a sparkling altar of Nemelex Xobeh.
  3706 | D:9      | Noticed a two-headed ogre
  3716 | D:9      | Killed a two-headed ogre
  3716 | D:9      | Reached skill level 10 in Axes
  3902 | D:9      | Reached XP level 11. HP: 80/106 MP: 11/11
  4061 | D:9      | Noticed an oklob plant
  4235 | D:10     | Entered Level 10 of the Dungeon
  4508 | D:10     | Paralysed by a hornet for 3 turns
  4514 | D:10     | Paralysed by a hornet for 3 turns
  4560 | D:10     | Noticed a two-headed ogre
  4571 | D:10     | Killed a two-headed ogre
  4584 | D:10     | Noticed Erolcha
  4601 | D:10     | Killed Erolcha
  4827 | D:10     | Found Cappof's Armour Shop.
  4827 | D:10     | Found a staircase to the Orcish Mines.
  4997 | D:10     | Reached skill level 11 in Axes
  5010 | D:10     | Noticed a two-headed ogre
  5022 | D:10     | Killed a two-headed ogre
  5033 | D:10     | Noticed Sonja
  5046 | D:10     | Killed Sonja
  5058 | D:10     | Noticed a centaur warrior
  5066 | D:10     | Killed a centaur warrior
  5070 | D:10     | Noticed a death knight
  5071 | D:10     | Noticed a seven-headed hydra
  5086 | D:10     | Killed a death knight
  5086 | D:10     | Reached skill level 10 in Fighting
  5086 | D:10     | HP: 1/108 [12-headed hydra (9)]
  5087 | D:10     | Mangled by a 12-headed hydra

Levels and vault maps discovered:
D:1:      sevenhm_arrival_forest_fort_small_4, layout_loops_corners
D:2:      layout_basic, minmay_octomino_j4
D:3:      layout_loops_corners, hangedman_abyss_or_decor_lesser_grid,
          chequers_avenue
D:4:      layout_basic, uniq_natasha
D:5:      layout_basic, first_ration, uniq_menkaure
D:6:      layout_cave_pools, minmay_misc_feat_iff, uniq_maggie
D:7:      layout_gridville, minmay_temple_entry_sparse_star
D:8:      layout_loops_cross, minmay_lair_entry_grove
D:9:      lemuel_slime, layout_basic, old_standard_altar
D:10:     minmay_sliced_demisemicircle, layout_stronghold, orc_david_3,
          uniq_erolcha, uniq_sonja
Temple:   compressed_dpeg_circular_temple

Skill      XL: |  1  2  3  4  5  6  7  8  9 10 11 |
---------------+----------------------------------+-----
Fighting       | 3 4 5 6 7 9 10 | 10.0
Axes           | 3 4 5 6 7 9 10 11 | 11.4
Armour         | 4 5 6 7 8 |  8.6
Shields        | 4 5 6 7 8 |  8.7
Invocations    | 4 7 9 |  9.9

Action                   |  1- 3 |  4- 6 |  7- 9 | 10-12 || total
-------------------------+-------+-------+-------+-------++-------
Melee: War axe           |    59 |   107 |   281 |   362 ||   809
Invok: Stomp             |       |       |       |     2 ||     2
 Abil: Heal Wounds       |     2 |     5 |    15 |     7 ||    29
  Use: Scroll            |       |       |    14 |     3 ||    17
 Stab: Paralysed         |       |       |     3 |    33 ||    36
  Eat: Chunk             |       |     2 |       |     6 ||     8
       Ration            |       |       |     2 |       ||     2
Armor: Scale mail        |    10 |       |       |       ||    10
       Chain mail        |    44 |    46 |    19 |       ||   109
       Plate armour      |       |       |   165 |   201 ||   366
Dodge: Dodged            |    18 |    15 |    59 |    45 ||   137
Block: Kite shield       |    30 |    50 |   180 |    87 ||   347
       Tower shield      |       |       |       |   191 ||   191

Table legend:
 A = Non-vault XP
 B = Vault XP
 C = Vault XP percentage of total XP
 D = Non-vault monster count
 E = Vault monster count
 F = Vault count percentage of total count
                 A         B        C        D         E       F
            +---------+---------+-------+---------+---------+-------
      Total |   12870 |    7614 |  37.2 |     171 |      32 |  15.8
            +---------+---------+-------+---------+---------+-------
        D:1 |       6 |       0 |   0.0 |       4 |       0 |   0.0
        D:2 |      13 |       0 |   0.0 |       5 |       0 |   0.0
        D:3 |       5 |       0 |   0.0 |       3 |       0 |   0.0
        D:4 |     494 |      36 |   6.8 |      19 |       1 |   5.0
        D:5 |     172 |     172 |  50.0 |       4 |       1 |  20.0
        D:6 |     960 |     395 |  29.2 |      20 |       1 |   4.8
        D:7 |    1030 |       0 |   0.0 |      29 |       0 |   0.0
        D:8 |    2284 |    2816 |  55.2 |      30 |      12 |  28.6
        D:9 |    3570 |      96 |   2.6 |      25 |       4 |  13.8
       D:10 |    4336 |    4099 |  48.6 |      32 |      13 |  28.9
            +---------+---------+-------+---------+---------+-------
